 Dungeon Crawl Stone Soup version 0.21.1-1-g345015f (webtiles) character file.

27 Monsterracer the Ruffian (level 2, 0/20 HPs)
             Began as a Centaur Venom Mage on June 23, 2018.
             Slain by Sigmund
             ... wielding a +0 scythe
              (9 damage)
             ... on level 2 of the Dungeon.
             The game lasted 00:02:14 (2236 turns).

Monsterracer the Ruffian (Centaur Venom Mage)       Turns: 2236, Time: 00:02:15

Health: 0/20       AC:  4    Str: 10    XL:     2   Next: 93%
Magic:  2/4        EV:  9    Int: 14    God:
Gold:   42         SH:  0    Dex:  9    Spells: 3/4 levels left

rFire    . . .     SeeInvis .     - Unarmed
rCold    . . .     Gourm    .   (no shield)
rNeg     . . .     Faith    .   a - +0 robe
rPois    .         Spirit   .   (no helmet)
rElec    .         Reflect  .   (no cloak)
rCorr    .         Harm     .   (no gloves)
MR       .....                  (no barding)
Stlth    +.........             (no amulet)
HPRegen  0.06/turn              (no ring)
MPRegen  0.09/turn              (no ring)

@: very quick
A: large, hooves 3, deformed body, speed 2, tough skin 3
a: no special abilities


You were on level 2 of the Dungeon.
You were hungry.

You visited 1 branch of the dungeon, and saw 2 of its levels.

You collected 42 gold pieces.

Inventory:

Armour
 a - a +0 robe (worn)
Scrolls
 b - a scroll of remove curse {unknown}
 e - a scroll of teleportation {unknown}
 f - a scroll of magic mapping {unknown}
 g - a scroll of random uselessness {unknown}
 h - a scroll of identify {unknown}
 i - a scroll of amnesia {unknown}
Potions
 d - 2 potions of brilliance {unknown}
Comestibles
 c - 4 rations


   Skills:
 - Level 1.3 Dodging
 - Level 1.1 Stealth
 + Level 2.6 Unarmed Combat
 - Level 1.5 Spellcasting
 - Level 0.8 Conjurations
 - Level 2.4 Poison Magic


You had 3 spell levels left.
You knew the following spells:

 Your Spells              Type           Power        Failure   Level  Hunger
b - Sting                 Conj/Pois      #...         13%         1    ##.....


Dungeon Overview and Level Annotations

Branches:
Dungeon (2/15)

Altars:
Xom

Annotations:
D:2 Sigmund


Innate Abilities, Weirdness & Mutations

You have hooves in place of feet.
Armour fits poorly on your strangely shaped body.
You cover ground very quickly.
You have extremely tough skin. (AC +3)


Message History

A rat is nearby!
You take 1 damage, and have 18/20 hp.
You hit the rat but do no damage. The rat closely misses you.
You barely miss the rat. Your kick misses the rat. The rat bites you.
You take 3 damage, and have 15/20 hp.
A rat is nearby!
You are too injured to fight recklessly!
You are too injured to fight recklessly!
A rat is nearby!
You are too injured to fight recklessly!
A rat is nearby!
You hit the rat.
You kill the rat!
You see here a rat corpse.
You butcher the rat corpse.
j - a chunk of flesh Eating a chunk of flesh.
You eat the chunk of flesh.
This raw flesh tastes terrible.
Sigmund the Dreaded comes into view.
He is wielding a scythe.
Health restored: 20 Sigmund is nearby!
Sigmund is nearby!
Sigmund shouts!
Sigmund is too close now for your liking.
Sigmund casts a spell at you.
You are confused.
You bump into the rock wall.
Sigmund casts a spell at you. The magic dart hits you!
You take 1 damage, and have 19/20 hp.
You bump into the rock wall.
You bump into the rock wall.
You bump into the rock wall.
You bump into the rock wall.
Sigmund casts a spell at you. The magic dart hits you!
You take 6 damage, and have 13/20 hp.
MASSIVE DAMAGE!!
You're too confused to move!
You feel less confused. Sigmund asks, "Do you like me?"
Sigmund says, "Don't worry, I'll kill you fast."
Sigmund points at you and mumbles some strange words.
The magic dart hits you!
* * * LOW HITPOINT WARNING * * *
You take 4 damage, and have 10/20 hp.
There is a stone staircase leading up here.
You climb upwards.
There is a stone staircase leading down here.
You start resting.
HP restored.
Health restored: 20 You climb downwards.
Level annotation: Sigmund
There is a stone staircase leading up here.
Sigmund is too close now for your liking.
Casting: Sting
Confirm with . or Enter, or press ? or * to list all spells.
Aiming: Sting
Press: ? - help, Shift-Dir - straight line, f - Sigmund
Aim: Sigmund, wielding a scythe and wearing a robe The sting hits Sigmund.
Sigmund appears unharmed.
Sigmund casts a spell at you.
You are confused.
You now have 3/4 mp.
You bump into the rock wall.
Sigmund barely misses you.
You bump into the rock wall.
You are feeling hungry.
You're too confused to move!
Sigmund hits you from afar with a scythe.
You take 1 damage, and have 19/20 hp.
You bump into the rock wall.
Sigmund barely misses you.
You bump into the rock wall.
Sigmund barely misses you.
You barely miss Sigmund. You kick Sigmund.
Sigmund is lightly wounded.
You feel less confused.
Sigmund hits you from afar with a scythe.
You take 6 damage, and have 13/20 hp.
MASSIVE DAMAGE!!
MP restored: 4
There is a stone staircase leading up here.
You start resting.
Casting: Sting
Confirm with . or Enter, or press ? or * to list all spells.
Aiming: Sting
Press: ? - help, Shift-Dir - straight line, f/p - Sigmund
Aim: Sigmund, wielding a scythe and wearing a robe (lightly wounded)
The sting hits Sigmund.
Sigmund is lightly wounded.
Sigmund hits you from afar with a scythe.
* * * LOW HITPOINT WARNING * * *
You take 5 damage, and have 9/20 hp.
MASSIVE DAMAGE!!
You now have 3/4 mp.
Casting: Sting
Confirm with . or Enter, or press ? or * to list all spells.
Aiming: Sting
Press: ? - help, Shift-Dir - straight line, f/p - Sigmund
Aim: Sigmund, wielding a scythe and wearing a robe (lightly wounded)
The sting hits Sigmund.
Sigmund is poisoned.
Sigmund is lightly wounded.
You now have 2/4 mp.
Sigmund hits you from afar with a scythe!
You die...

.......).........)
##########....####
#...# #....# #.#.#
#.#..$# .....@..#.#
#.#...# ##########.#
#.##...# .#.......#.#
#.# .#.# ########
.#.#####@#.# #.# .#..
.......# .#.#..@#.#.#
######.# #.#.#@###@#.#
..[....###.#.#.....#.#
#####......#.#######.#
#.###..#.# #@# #.#
#..#.# #.# #.###..#.#
#.# #......#.# #.#
######.#.#######@#


You could see Sigmund.

Vanquished Creatures
  2 worms (D:2)
  3 giant cockroaches
  2 goblins
  2 hobgoblins
  A quokka (D:2)
  4 bats
  2 kobolds
  6 rats
22 creatures vanquished.

Notes
Turn   | Place    | Note
-------+----------+-------------------------------------------
     0 | D:1      | Monsterracer the Centaur Venom Mage began the quest for the Orb.
     0 | D:1      | Reached XP level 1. HP: 14/14 MP: 3/3
   455 | D:1      | Reached skill level 1 in Unarmed Combat
   727 | D:1      | Reached XP level 2. HP: 18/20 MP: 4/4
   920 | D:2      | Found a shimmering altar of Xom.
   920 | D:2      | Found a shimmering altar of Xom.
   920 | D:2      | Found a shimmering altar of Xom.
   925 | D:2      | Found a shimmering altar of Xom.
   931 | D:2      | HP: 9/20 [worm (8)]
  1122 | D:2      | HP: 8/20 [worm (7)]
  1170 | D:2      | HP: 2/20 [worm (8)]
  1614 | D:2      | HP: 9/20 [worm (3)]
  2005 | D:2      | Noticed Sigmund
  2038 | D:2      | HP: 10/20 [Sigmund/magic dart (4)]
  2234 | D:2      | HP: 9/20 [Sigmund/scythe (5)]
  2236 | D:2      | Slain by Sigmund

Skill      XL: |  1  2 |
---------------+-------+-----
Unarmed Combat | 1 2 |  2.6
Dodging        | |  1.3
Stealth        | |  1.1
Spellcasting   | |  1.5
Conjurations   | |  0.8
Poison Magic   | |  2.4

Action                   || total
-------------------------++-------
Melee: Unarmed           ||    86
       Kick              ||    16
 Cast: Sting             ||    17
  Eat: Chunk             ||     3
Armor: Robe              ||    34
Dodge: Dodged            ||    37

Vault maps used:
D:1:      saegor_arrival_miasma, hangedman_decor_opposing
D:2:      xom_redecorated, uniq_sigmund
